 Dungeon Crawl Stone Soup version 0.23-a0-470-g6f7cfd9 (webtiles) character file.

1196 Vinny the Sneak (level 8, -10/42 HPs)
             Began as a Vine Stalker Assassin on Nov 26, 2018.
             Mangled by Prince Ribbit (12 damage)
             ... on level 5 of the Dungeon.
             The game lasted 00:19:02 (4639 turns).

Vinny the Sneak (Vine Stalker Assassin)             Turns: 4639, Time: 00:19:02

Health: -10/42     AC:  8    Str: 16    XL:     8   Next: 44%
Magic:  0/9        EV: 12    Int: 11    God:
Gold:   205        SH:  0    Dex: 16    Spells: 7/7 levels left

rFire    . . .     SeeInvis +   a - +2 dagger
rCold    + . .     Gourm    .   (no shield)
rNeg     . . .     Faith    .   y - +0 ring mail
rPois    .         Spirit   +   (no helmet)
rElec    .         Reflect  .   s - +0 cloak (curse)
rCorr    .         Harm     .   r - +1 pair of gloves
MR       +....                  (no boots)
Stlth    +++.......             (no amulet)
HPRegen  0.54/turn              l - ring of protection from cold
MPRegen  0.11/turn              x - ring of see invisible

@: no status effects
A: fangs 3, regeneration 1, magic shield, antimagic bite, no potion heal 3, rot
immunity
a: no special abilities


You were on level 5 of the Dungeon.
You were not hungry.

You visited 1 branch of the dungeon, and saw 5 of its levels.

You collected 205 gold pieces.

Inventory:

Hand Weapons
 a - a +2 dagger (weapon)
 b - a +0 blowgun
 q - a cursed -3 dagger
Missiles
 e - 6 poisoned needles
 f - 2 curare-tipped needles {!f}
 h - 47 sling bullets
 n - 102 stones (quivered)
Armour
 c - a +0 robe
 d - a +0 cloak
 r - a +1 pair of gloves (worn)
 s - a cursed +0 cloak (worn)
 y - a +0 ring mail (worn)
Jewellery
 l - a ring of protection from cold (left hand)
 x - a ring of see invisible (right hand)
Wands
 A - a wand of random effects (14)
Scrolls
 j - a scroll of magic mapping {unknown}
 p - 3 scrolls of teleportation
 u - 3 scrolls of remove curse {unknown}
 B - 3 scrolls of random uselessness {unknown}
 C - a scroll of identify {unknown}
Potions
 k - a potion of mutation {unknown}
 m - 2 potions of lignification
 o - 2 potions of heal wounds
 t - a potion of curing {unknown}
 v - a potion of berserk rage {unknown}
 w - 3 potions of flight {unknown}
 z - a potion of magic {unknown}
Comestibles
 g - 7 rations
 i - 3 chunks of flesh


   Skills:
 + Level 3.6 Fighting
 + Level 4.3 Short Blades
 + Level 4.5 Throwing
 * Level 2.2 Armour
 + Level 2.7 Dodging
 + Level 7.6 Stealth


You had 7 spell levels left.
You didn't know any spells.
Your spell library was empty.

Dungeon Overview and Level Annotations

Branches:
Dungeon (5/15)
 Temple: D:4-7

Altars:
Dithmenos
Elyvilon
Hepliaklqana
Nemelex Xobeh
Wu Jian
Zin
The Shining One

Annotations:
D:5 Prince Ribbit


Innate Abilities, Weirdness & Mutations

You have razor-sharp teeth.
Your natural rate of healing is unusually fast.
When hurt, damage is shared between your health and your magic reserves.
Your bite disrupts and absorbs the magic of your enemies.
Potions cannot restore your health.
You are immune to rotting.


Message History

Okay, then.
Okay, then.
Firing (i - inventory. (/) - cycle)
e - 7 poisoned needles (quivered)
Press: ? - help, Shift-Dir - straight line, f/p - Prince Ribbit
Aim: Prince Ribbit (moderately wounded, poisoned)
You shoot a poisoned needle. The poisoned needle hits Prince Ribbit!
Prince Ribbit looks as sick as possible!
Prince Ribbit is moderately wounded.
Prince Ribbit catches a butterfly with his tongue.
Prince Ribbit hits you but does no damage.
a - a +2 dagger (weapon)
Prince Ribbit completely misses you.
You hit Prince Ribbit. Your bite misses Prince Ribbit.
Prince Ribbit is heavily wounded.
Prince Ribbit hits you.
* * * LOW HITPOINT WARNING * * *
You barely miss Prince Ribbit. Your bite misses Prince Ribbit.
Prince Ribbit is heavily wounded.
Prince Ribbit hits you!
You die...

#[(..........## ##.
#.(..##......####).
#.<.#####.....)..).
#...# ##........#
#.(.# #.......##
#.(## #.....###
##.# #.....#### #F#
#........# #@#
##........ #(#
########. ##[## ##
#..)# #..(##
#...(####
##...(..##
###.....# ##((.%#


You could see Prince Ribbit.

Vanquished Creatures
  A hippogriff (D:5)
  3 ogres
  A crimson imp (D:5)
  3 hounds
  3 orc priests (D:4)
  2 iguanas (D:4)
  Natasha (thrice) (D:2)
  4 orc wizards
  5 worker ants
  3 gnolls (D:3)
  6 adders
  A shadow imp (D:5)
  3 oozes
  3 worms
  3 dart slugs
  3 leopard geckos
  18 orcs
  5 bats
  6 giant cockroaches
  4 goblins
  6 hobgoblins
  8 jackals
  A ball python (D:5)
  5 frilled lizards
  5 kobolds
  2 quokka skeletons (D:4)
  8 rats
115 creatures vanquished.

Vanquished Creatures (others)
  A plant (D:2)
1 creature vanquished.

Grand Total: 116 creatures vanquished

Notes
Turn   | Place    | Note
-------+----------+-------------------------------------------
     0 | D:1      | Vinny the Vine Stalker Assassin began the quest for the
                  | Orb.
     0 | D:1      | Reached XP level 1. HP: 11/11 MP: 2/2
    42 | D:1      | Reached skill level 5 in Stealth
   363 | D:1      | Reached XP level 2. HP: 15/15 MP: 3/3
   716 | D:1      | Reached XP level 3. HP: 18/18 MP: 4/4
  1020 | D:2      | Noticed Natasha
  1029 | D:2      | Killed Natasha
  1166 | D:2      | Reached skill level 6 in Stealth
  1306 | D:2      | Gained mutation: Your natural rate of healing is unusually
                  | fast. [Vine Stalker growth]
  1306 | D:2      | Reached XP level 4. HP: 23/23 MP: 5/5
  1354 | D:2      | Reached skill level 1 in Dodging
  1518 | D:2      | Noticed Natasha
  1530 | D:2      | Killed Natasha
  1756 | D:2      | Reached XP level 5. HP: 23/26 MP: 6/6
  2055 | D:2      | Noticed Natasha
  2093 | D:2      | Killed Natasha
  2309 | D:2      | Noticed an ogre
  2311 | D:2      | Killed an ogre
  2311 | D:2      | Reached XP level 6. HP: 32/32 MP: 7/7
  2319 | D:2      | Found a faded altar of an unknown god.
  2537 | D:3      | Found a sparkling altar of Nemelex Xobeh.
  2857 | D:3      | Found a glowing silver altar of Zin.
  2863 | D:3      | Found a glowing golden altar of the Shining One.
  2872 | D:3      | Found an ornate altar of the Wu Jian Council.
  3254 | D:4      | Found a shadowy altar of Dithmenos.
  3270 | D:4      | Reached skill level 7 in Stealth
  3298 | D:4      | Reached XP level 7. HP: 8/35 MP: 5/8
  3797 | D:4      | Found a white marble altar of Elyvilon.
  3845 | D:4      | Found a sparkling altar of Nemelex Xobeh.
  3885 | D:4      | Found a hazy altar of Hepliaklqana.
  3985 | D:4      | Gained mutation: You have razor-sharp teeth. [Vine Stalker
                  | growth]
  3985 | D:4      | Reached XP level 8. HP: 33/40 MP: 7/9
  3999 | D:4      | Reached skill level 1 in Armour
  4175 | D:5      | Entered Level 5 of the Dungeon
  4591 | D:5      | Noticed Prince Ribbit
  4611 | D:5      | Noticed a hippogriff
  4627 | D:5      | Killed a hippogriff
  4638 | D:5      | HP: 2/42 [Prince Ribbit (3)]
  4639 | D:5      | Mangled by Prince Ribbit

Vault maps used:
D:1:      dpeg_arrival_pits
D:2:      chequers_ecumenical_altar_twisty, serial_forest,
          infiniplex_forest_clump_curved, infiniplex_forest_lined_2,
          infiniplex_forest_3_way, infiniplex_forest_lined_2,
          infiniplex_forest_clump_C, infiniplex_forest_clump_C,
          infiniplex_forest_fountain, infiniplex_forest_end_2,
          minmay_tromino_v4_b, uniq_natasha
D:3:      wander_river, minmay_overflow_temple_star_quad,
          nemelex_dance_club_becter
D:4:      lemuel_coloured_pillars_altar, kennysheep_mini, nemelex_altar_shiori,
          nicolae_dithmenos_the_darkroom
D:5:      first_ration, uniq_prince_ribbit1

Skill      XL: |  1  2  3  4  5  6  7  8 |
---------------+-------------------------+-----
Stealth        | 5 6 7 |  7.6
Short Blades   | 2 3 4 |  4.3
Fighting       | 2 3 |  3.6
Throwing       | 2 4 |  4.5
Dodging        | 1 2 |  2.7
Armour         | 2 |  2.2

Action                   |  1- 3 |  4- 6 |  7- 9 || total
-------------------------+-------+-------+-------++-------
Melee: Dagger            |    66 |   166 |   132 ||   364
       Bite              |    21 |    46 |    39 ||   106
 Fire: Blowgun           |       |    25 |    64 ||    89
Throw: Stone             |     6 |     2 |     6 ||    14
  Use: Scroll            |       |     1 |       ||     1
       Potion            |       |       |     2 ||     2
 Stab: Sleeping          |     9 |    13 |     1 ||    23
  Eat: Chunk             |     1 |     6 |     5 ||    12
Armor: Robe              |    13 |    29 |     2 ||    44
       Skin              |       |       |    32 ||    32
       Ring mail         |       |       |    35 ||    35
Dodge: Dodged            |    40 |    72 |    64 ||   176

Table legend:
 A = Non-vault XP
 B = Vault XP
 C = Vault XP percentage of total XP
 D = Non-vault monster count
 E = Vault monster count
 F = Vault count percentage of total count
                 A         B        C        D         E       F
            +---------+---------+-------+---------+---------+-------
      Total |    1661 |      48 |   2.8 |     109 |       6 |   5.2
            +---------+---------+-------+---------+---------+-------
        D:1 |      40 |       0 |   0.0 |      19 |       0 |   0.0
        D:2 |     284 |      38 |  11.8 |      31 |       4 |  11.4
        D:3 |      80 |      10 |  11.1 |      14 |       2 |  12.5
        D:4 |     788 |       0 |   0.0 |      29 |       0 |   0.0
        D:5 |     469 |       0 |   0.0 |      16 |       0 |   0.0
            +---------+---------+-------+---------+---------+-------
